 Dungeon Crawl Stone Soup version 0.27-a0-54-g64bdb92e38 (webtiles) character file.

Game seed: 6074534458642710746

123606 Morbidden the Blocker (level 16, -11/84 HPs)
             Began as a Vine Stalker Fighter on Jan 7, 2021.
             Was the Champion of Okawaru.
             Mangled by a spriggan rider
             ... wielding a +0 spear
              (17 damage)
             ... on level 2 of the Swamp.
             The game lasted 01:00:40 (24561 turns).

Morbidden the Blocker (Vine Stalker Fighter)       Turns: 24561, Time: 01:00:40

Health: -11/84     AC: 19    Str: 20    XL:     16   Next: 90%
Magic:  0/51       EV: 14    Int: 13    God:    Okawaru [******]
Gold:   2077       SH: 19    Dex: 15    Spells: 22/39 levels left

rFire    + . .     SeeInvis .   a - +2 Maxwell's thermic engine {flame, freeze}
rCold    . . .     Faith    .   j - +0 tower shield
rNeg     + . .     Spirit   +   r - +0 swamp dragon scales
rPois    +         Reflect  .   f - +2 helmet "Yczuruutt" {rPois rF+ rN+}
rElec    .         Harm     .   e - +2 cloak {rCorr}
rCorr    +         Rampage  .   t - +0 pair of gloves
Will     ++...                  v - +2 pair of boots "Cenaq" {Stlth+}
Stlth    +++.......             u - amulet of regeneration
HPRegen  1.44/turn              o - ring of magical power
MPRegen  0.32/turn              M - ring of magical power

@: no status effects
A: fangs 3, regeneration 2, magic shield, antimagic bite, no potion heal 3
a: Renounce Religion, Heroism, Finesse


You were on level 2 of the Swamp.
You worshipped Okawaru.
Okawaru was exalted by your worship.
You visited 5 branches of the dungeon, and saw 27 of its levels.
You visited the Abyss 1 time.
You also visited: Ossuary.

You collected 3906 gold pieces.
You spent 1829 gold pieces at shops.

Inventory:

Hand Weapons
 a - the +2 Maxwell's thermic engine (weapon) {flame, freeze}
   (You bought it in a shop on level 15 of the Dungeon)

   It has been specially enchanted to burn those struck by it, causing extra
   injury to most foes and up to half again as much damage against particularly
   susceptible opponents.
   Big, fiery blades are also staple armaments of hydra-hunters.
   It has been specially enchanted to freeze those struck by it, causing extra
   injury to most foes and up to half again as much damage against particularly
   susceptible opponents.
 n - the +7 dagger "Jufaorrey" {venom, rF- rC++ Dex+2 Stlth+}
   (You found it on level 9 of the Dungeon)

   It poisons the flesh of those it strikes.
   It affects your dexterity (+2).
   It makes you vulnerable to fire.
   It greatly protects you from cold.
   It makes you more stealthy.
Missiles
 c - 7 javelins
 k - 11 curare-tipped darts (quivered)
 w - 2 throwing nets
 D - 29 boomerangs
Armour
 e - a +2 cloak of preservation (worn)
 f - the +2 helmet "Yczuruutt" (worn) {rPois rF+ rN+}
   (You found it on level 2 of the Lair of Beasts)

   It protects you from fire.
   It protects you from poison.
   It protects you from negative energy.
 j - a +0 tower shield (worn)
 r - +0 swamp dragon scales (worn)
 t - a +0 pair of gloves (worn)
 v - the +2 pair of boots "Cenaq" (worn) {Stlth+}
   (Okawaru gifted it to you on level 2 of the Swamp)

   It makes you more stealthy.
 E - +0 fire dragon scales
 S - a +4 troll leather armour
 Z - a +4 plate armour of fire resistance
Jewellery
 b - a +4 ring of evasion
 o - a ring of magical power (left hand)
 u - an amulet of regeneration (around neck)
 M - a ring of magical power (right hand)
 O - an uncursed ring of protection from fire
Wands
 K - a wand of disintegration (51)
 L - a wand of acid (12)
 P - a wand of paralysis (27)
 Q - a wand of iceblast (19)
 U - a wand of random effects (19)
 V - a wand of digging (11)
Scrolls
 g - 4 scrolls of enchant weapon
 i - 13 scrolls of remove curse
 l - 3 scrolls of teleportation
 q - 5 scrolls of amnesia
 y - 5 scrolls of fog
 A - 6 scrolls of enchant armour
 B - 6 scrolls of magic mapping
 F - 3 scrolls of vulnerability
 H - 5 scrolls of identify
 T - 2 scrolls of silence
Potions
 d - 5 potions of might
 h - 7 potions of flight
 m - 2 potions of brilliance
 p - 5 potions of invisibility
 x - 7 potions of ambrosia
 z - a potion of haste
 C - 3 potions of mutation
 I - a potion of resistance
 J - a potion of cancellation
 N - 6 potions of curing
 R - a potion of magic
Miscellaneous
 s - a condenser vane (inert)
 W - a phantom mirror


   Skills:
 * Level 9.1 Fighting
 + Level 6.8(9.2) Short Blades
 * Level 9.4(10.4) Long Blades
 + Level 5.8 Armour
 * Level 8.6 Dodging
 + Level 4.7 Stealth
 * Level 13.8 Shields
 * Level 12.2 Spellcasting
 * Level 5.1 Conjurations
 * Level 5.6 Summonings
 * Level 8.9 Necromancy
 * Level 8.3 Invocations
 + Level 0.6 Evocations


You had 22 spell levels left.
You knew the following spells:

 Your Spells              Type           Power        Failure   Level
a - Vampiric Draining     Necr           15%          4%          3
b - Orb of Destruction    Conj           10%          100%        7
c - Spellforged Servitor  Conj/Summ      10%          100%        7

Your spell library contained the following spells:

 Spells                   Type           Power        Failure   Level
 Animate Skeleton         Necr           62%          1%          1
 Pain                     Necr           100%         1%          1
 Magic Dart               Conj           84%          8%          1
 Call Imp                 Summ           22%          9%          2
 Searing Ray              Conj           42%          12%         2
 Animate Dead             Necr           15%          16%         4
 Foxfire                  Conj/Fire      56%          22%         1
 Agony                    Necr           31%          38%         5
 Corona                   Hex            7%           52%         1
 Sandblast                Erth           14%          52%         1
 Sting                    Tmut/Pois      28%          52%         1
 Conjure Flame            Conj/Fire      14%          54%         3
 Dazzling Flash           Conj/Hex       28%          54%         3
 Stone Arrow              Conj/Erth      28%          54%         3
 Mephitic Cloud           Conj/Pois/Air  12%          65%         3
 Blink                    Tloc           N/A          67%         2
 Ensorcelled Hibernation  Hex/Ice        14%          67%         2
 Passwall                 Tmut/Erth      5%           67%         2
 Poisonous Vapours        Pois/Air       14%          67%         2
 Slow                     Hex            7%           67%         2
 Confusing Touch          Hex            7%           88%         3
 Ignite Poison            Fire/Tmut/Pois 7%           88%         3
 Inner Flame              Hex/Fire       7%           88%         3
 Tukima's Dance           Hex            7%           88%         3
 Fulminant Prism          Conj/Hex       7%           91%         4
 Iskenderun's Mystic Bla  Conj/Tloc      14%          91%         4
 Sticky Flame             Conj/Fire      14%          91%         4
 Iskenderun's Battlesphe  Conj           21%          91%         5
 Olgreb's Toxic Radiance  Pois           7%           99%         4
 Petrify                  Tmut/Erth      7%           99%         4
 Fireball                 Conj/Fire      7%           99%         5
 Bolt of Magma            Conj/Fire/Erth 6%           100%        5
 Lee's Rapid Deconstruct  Erth           3%           100%        5
 Freezing Cloud           Conj/Ice/Air   6%           100%        6
 Iron Shot                Conj/Erth      7%           100%        6
 Starburst                Conj/Fire      7%           100%        6
 Ignition                 Fire           3%           100%        8


Dungeon Overview and Level Annotations

Branches:
Dungeon (15/15)            Temple (1/1) D:7            Lair (6/6) D:10
  Swamp (3/4) Lair:4       Spider (0/4) Lair:3        Slime (0/5) Lair:5
    Orc (2/2) D:12            Elf (0/3) Orc:2        Vaults (0/5) D:13
 Depths (0/5) D:15        Ossuary (visited)

Altars:
Ashenzari
Cheibriados
Dithmenos
Elyvilon
Fedhas
Gozag
Hepliaklqana
Kikubaaqudgha
Makhleb
Nemelex Xobeh
Okawaru
Qazlal
Ru
Sif Muna
Trog
Vehumet
Xom
Yredelemnul
Zin
The Shining One
Beogh

Shops:
D:6 [   D:15 (   Orc:2 }[(?*

Annotations:
Lair:2 1 transporter, exclusion: 4 oklob plants, Qoihe's ghost, journeyman DrCj


Innate Abilities, Weirdness & Mutations

You have razor-sharp teeth.
You heal very quickly.
When hurt, damage is shared between your health and your magic reserves.
Your bite disrupts and absorbs the magic of your enemies.
Potions cannot restore your health.


Message History

Unknown command.
As you read the scroll of fear, it crumbles to dust.
You assume a fearsome visage.
The spriggan rider looks frightened!
Unknown command.
Unknown command.
Cornered, the spriggan rider turns to fight!
Things that are here:
an alligator corpse; a hydra corpse You block the spriggan rider's attack.
As you read the scroll of fear, it crumbles to dust.
You assume a fearsome visage.
The spriggan rider resists with almost no effort.
The spriggan rider hits you from afar with a +0 spear!
* * * LOW HITPOINT WARNING * * *
Unknown command.
As you read the scroll of fear, it crumbles to dust.
You assume a fearsome visage.
The spriggan rider resists with some effort.
The spriggan rider hits you from afar with a +0 spear!!
You die...

..)...≈♣≈≈≈≈≈≈≈♣.≈≈.≈♣.......≈≈≈.
.)♣..≈≈≈≈≈.≈.≈♣≈.≈§.♣♣..≈≈≈..♣≈≈.
.♣≈≈≈..≈.≈§≈..≈≈≈≈..♣♣≈≈≈≈.♣§.≈..
♣♣.≈.♣.≈..≈§≈≈.≈≈≈≈♣♣♣.≈≈.♣♣♣≈≈≈♣
......♣≈≈§≈≈..≈.≈≈♣♣ ♣..≈≈♣ ♣♣.≈♣
#....♣♣♣♣.≈..≈≈.≈.♣ ♣♣≈≈≈♣ ♣≈≈.
....♣♣ ♣♣.≈≈≈≈.≈.♣ ♣≈≈♣♣ ♣..♣
#..♣♣ ♣≈≈≈.≈≈(♣♣ ♣..♣ ♣... ...♣
♣.≈♣♣♣≈@♣ ♣.≈♣♣ ♣♣..≈ ♣.♣♣ ♣.♣♣
♣♣.♣♣ ♣≈≈.♣ ♣≈≈♣♣ =.♣♣ ♣≈♣ ♣i.♣
♣.≈♣♣ ♣.≈≈≈ .♣(♣ ♣♣≈♣ ♣♣>♣♣ ♣♣.♣♣
♣♣≈≈♣≈ .<♣♣ ♣§≈♣
♣♣.♣♣♣≈≈≈♣♣♣≈≈♣≈♣ .♣♣ ♣≈.♣
♣.♣♣..§...♣.≈≈≈. ♣.♣ ♣♣.♣
♣♣♣♣<≈≈..≈≈≈≈.≈≈ .♣♣ ♣.♣
♣.♣♣♣♣♣.≈♣♣♣.. ♣♣ ♣♣♣ ♣♣♣ ♣♣♣♣
♣♣♣


You could see a spriggan rider.

Vanquished Creatures
  Rupert (D:15)
  A fenstrider witch (Swamp:2)
  An orc warlord (Orc:2)
  A bunyip (Swamp:1)
  2 eleionomae
  An ettin (D:15)
  A shambling mangrove (Swamp:2)
  8 vault guards (D:13)
  A ghost crab (Swamp:2)
  A death knight (D:15)
  11 hydras
  A boulder beetle (Lair:5)
  4 centaur warriors
  3 two-headed ogres
  Erica (D:11)
  An alligator (Swamp:2)
  8 orc high priests (Orc:2)
  Sonja (Lair:6)
  A deep elf knight (D:15)
  2 skeletal warriors (D:15)
  3 unseen horrors
  A deep troll (D:15)
  2 swamp dragons
  A phantasmal warrior (D:15)
  3 spriggan druids
  Pikel (D:4)
  An orc knight (Orc:2)
  An orc sorcerer (Orc:2)
  A deep elf mage (D:15)
  A cyclops (D:13)
  9 ugly things
  A will-o-the-wisp (Swamp:1)
  A manticore (D:12)
  3 elephants (Lair:6)
  3 centaur zombies
  11 black mambas
  An orange demon (Abyss:2)
  Joseph (D:10)
  Maggie (D:9)
  15 cane toads
  A torpor snail (Lair:6)
  A rime drake (Lair:1)
  2 efreet
  6 kobold demonologists
  A freezing wraith (D:15)
  A yaktaur (D:15)
  An ancient zyme (Abyss:2)
  11 komodo dragons
  8 trolls
  A queen bee (Lair:3)
  A tengu conjurer (D:15)
  8 polar bears
  5 tyrant leeches
  A large abomination (Abyss:2)
  5 slime creatures (D:12)
  19 dream sheep
  7 blink frogs
  6 hornets
  A shadow (D:13)
  3 wraiths
  11 spriggans (Lair:6)
  5 wyverns
  A vampire (D:12)
  38 yaks
  A tarantella (Lair:3)
  A neqoxec (Abyss:2)
  4 basilisks
  5 vampire mosquitoes (D:12)
  Edmund (D:4)
  8 wargs
  3 soldier ants
  8 swamp worms
  2 acid dragons
  9 water moccasins
  6 ice beasts
  A hornet zombie (D:14)
  15 orc warriors
  7 black bears
  4 phantoms
  3 sky beasts
  3 eyes of draining
  44 wolves
  13 ogres
  5 boggarts (Lair:6)
  23 centaurs
  An elf zombie (D:7)
  6 bullfrogs
  A wyvern zombie (D:8)
  A gnoll sergeant (Orc:1)
  An elf skeleton (D:7)
  2 small abominations (Abyss:2)
  7 scorpions
  36 killer bees
  11 wights
  An electric eel (Lair:4)
  7 howler monkeys
  A crimson imp (D:6)
  A quasit (D:15)
  A wyvern simulacrum (D:14)
  6 hounds
  3 bullfrog zombies
  A jelly (D:7)
  A human zombie (D:7)
  28 orc priests
  A bullfrog skeleton (D:13)
  5 centaur skeletons
  2 human skeletons (D:7)
  9 orc wizards
  A gnoll shaman (D:6)
  6 worker ants
  A hound zombie (D:5)
  2 hound skeletons
  A worker ant zombie (D:9)
  14 gnolls
  A howler monkey skeleton (D:10)
  18 adders
  3 shadow imps
  2 white imps
  An ooze (D:2)
  An adder zombie (Ossuary)
  2 adder skeletons (D:8)
  4 worms
  5 dart slugs
  8 leopard geckos
  99 orcs
  A ball python (D:2)
  8 giant cockroaches
  19 goblins
  7 hobgoblins
  3 jackals (D:4)
  7 kobolds
  11 quokkas
  4 bats
  6 frilled lizards
  A hobgoblin zombie (Ossuary)
  4 kobold zombies (Ossuary)
  2 orc skeletons
  A quokka zombie (D:7)
  6 rats
804 creatures vanquished.

Vanquished Creatures (collateral kills)
  A hydra (Lair:2)
  A rime drake (Lair:2)
  A water moccasin (Lair:2)
3 creatures vanquished.

Vanquished Creatures (others)
  A boulder beetle (D:14)
  2 bloated husks
  A spriggan (Swamp:2)
  A yak (D:14)
  12 foxfires (Swamp:1)
  83 fungi
  116 plants
  3 withered plants (Swamp:3)
219 creatures vanquished.

Grand Total: 1026 creatures vanquished

Notes
Turn   | Place    | Note
-------+----------+-------------------------------------------
     0 | D:1      | Morbidden the Vine Stalker Fighter began the quest for the
                  | Orb.
     0 | D:1      | Reached XP level 1. HP: 11/11 MP: 2/2
    43 | D:1      | Reached XP level 2. HP: 12/16 MP: 3/3
   467 | D:1      | Reached XP level 3. HP: 16/20 MP: 4/4
   820 | D:2      | Reached skill level 3 in Shields
   919 | D:2      | Reached skill level 1 in Spellcasting
  1132 | D:2      | Gained mutation: Your natural rate of healing is unusually
                  | fast. [Vine Stalker growth]
  1132 | D:2      | Reached XP level 4. HP: 24/24 MP: 6/6
  1803 | D:3      | Learned a level 3 spell: Vampiric Draining
  1943 | D:3      | Reached skill level 1 in Dodging
  1943 | D:3      | Reached XP level 5. HP: 28/28 MP: 8/8
  2196 | D:3      | Found a sparkling altar of Nemelex Xobeh.
  2710 | D:4      | Noticed a lemure
  2713 | D:4      | Noticed Pikel
  2717 | D:4      | Noticed a lemure
  2718 | D:4      | Noticed a lemure
  2719 | D:4      | Noticed a lemure
  2724 | D:4      | Reached skill level 1 in Necromancy
  2764 | D:4      | Killed Pikel
  2765 | D:4      | Reached skill level 1 in Short Blades
  2765 | D:4      | Reached skill level 1 in Stealth
  2765 | D:4      | Reached XP level 6. HP: 32/33 MP: 8/11
  2765 | D:4      | Reached XP level 7. HP: 36/37 MP: 8/12
  2842 | D:4      | Noticed Edmund
  2882 | D:4      | Killed Edmund
  2883 | D:4      | Reached skill level 4 in Shields
  3006 | D:4      | Gained mutation: You have razor-sharp teeth. [Vine Stalker
                  | growth]
  3006 | D:4      | Reached XP level 8. HP: 42/42 MP: 12/14
  3072 | D:4      | Found a broken altar of Ashenzari.
  3417 | D:5      | Entered Level 5 of the Dungeon
  3482 | D:5      | Found a shadowy altar of Dithmenos.
  4110 | D:5      | Reached XP level 9. HP: 46/46 MP: 16/16
  4262 | D:6      | Found a runed translucent door.
  4394 | D:6      | Found Suer's Antique Armour Boutique.
  4402 | D:6      | Bought an embroidered cloak for 195 gold pieces
  4477 | D:6      | Reached skill level 5 in Fighting
  4839 | D:6      | Found a burning altar of Makhleb.
  4840 | D:6      | Found a shimmering altar of Xom.
  4924 | D:6      | Found a white marble altar of Elyvilon.
  5213 | D:6      | Bought an embroidered hat for 182 gold pieces
  5255 | D:7      | Found a staircase to the Ecumenical Temple.
  5269 | Temple   | Entered the Ecumenical Temple
  5293 | Temple   | Became a worshipper of Warmaster Okawaru
  5323 | D:7      | Reached skill level 5 in Shields
  5478 | D:7      | Got a warped robe
  5479 | D:7      | Identified the cursed +1 robe of the Okapi {SInv} (You
                  | found it on level 7 of the Dungeon)
  5567 | D:7      | Reached * piety under Okawaru
  5583 | D:7      | Reached skill level 5 in Spellcasting
  5601 | D:7      | Reached skill level 1 in Invocations
  5608 | D:7      | Found a sand-covered staircase.
  5620 | Ossuary  | Entered an ossuary
  5830 | Ossuary  | Reached XP level 10. HP: 53/53 MP: 18/18
  6050 | D:7      | Found a sacrificial altar of Ru.
  6266 | D:7      | Found a sacrificial altar of Ru.
  6421 | D:6      | Reached skill level 5 in Necromancy
  6491 | D:6      | Found a roughly hewn altar of Beogh.
  6616 | D:7      | Killed an unseen horror
  6616 | D:7      | Reached ** piety under Okawaru
  6617 | D:7      | Reached skill level 5 in Armour
  7617 | D:9      | Noticed Maggie
  7620 | D:9      | Found a blossoming altar of Fedhas.
  7640 | D:9      | Killed Maggie
  7640 | D:9      | Reached *** piety under Okawaru
  7781 | D:9      | Reached skill level 6 in Shields
  7806 | D:9      | Reached XP level 11. HP: 58/58 MP: 21/21
  7879 | D:9      | Got an iridescent dagger
  7880 | D:9      | Identified the +7 dagger "Jufaorrey" {venom, rF- rC++ Dex+2
                  | Stlth+} (You found it on level 9 of the Dungeon)
  8158 | D:10     | Entered Level 10 of the Dungeon
  8406 | D:10     | Found a staircase to the Lair.
  8414 | D:10     | Reached **** piety under Okawaru
  8563 | D:10     | Noticed Joseph
  8575 | D:10     | Killed Joseph
  9107 | D:11     | Reached skill level 5 in Dodging
  9224 | D:11     | Killed an unseen horror
  9345 | D:11     | Reached ***** piety under Okawaru
  9421 | D:11     | You fall into a shaft and drop 1 floor!
  9730 | D:12     | Reached skill level 5 in Long Blades
  9830 | D:12     | Found a staircase to the Orcish Mines.
  9867 | D:12     | Reached skill level 5 in Short Blades
  9894 | D:12     | Identified a scroll of acquirement
  9896 | D:12     | Acquired a manual of Shields
 10007 | D:12     | Noticed a two-headed ogre
 10026 | D:12     | Killed a two-headed ogre
 10027 | D:12     | Gained mutation: You heal very quickly. [Vine Stalker
                  | growth]
 10027 | D:12     | Reached XP level 12. HP: 51/63 MP: 23/23
 10194 | D:12     | Received a gift from Okawaru
 10450 | D:12     | Reached skill level 7 in Shields
 10680 | D:12     | Reached skill level 5 in Invocations
 11048 | D:11     | Noticed Erica
 11052 | D:11     | Killed Erica
 11438 | Lair:1   | Entered Level 1 of the Lair of Beasts
 11525 | Lair:1   | Reached skill level 8 in Shields
 12585 | Lair:2   | Reached skill level 9 in Shields
 12937 | Lair:2   | Found a transporter.
 12996 | Lair:2   | Noticed Qoihe's ghost (journeyman DrCj)
 13189 | Lair:2   | Noticed a six-headed hydra
 13199 | Lair:2   | Got a dazzling helmet
 13201 | Lair:2   | Reached XP level 13. HP: 46/67 MP: 25/25
 13222 | Lair:2   | Identified the +2 helmet "Yczuruutt" {rPois rF+ rN+} (You
                  | found it on level 2 of the Lair of Beasts)
 13350 | Lair:2   | Reached skill level 10 in Spellcasting
 13350 | Lair:2   | Reached XP level 14. HP: 72/72 MP: 29/29
 13418 | Lair:3   | Reached ****** piety under Okawaru
 13808 | Lair:3   | Found a hole to the Spider Nest.
 13884 | Lair:3   | Received a gift from Okawaru
 13912 | Lair:3   | Got a fine demon blade {god gift}
 13913 | Lair:3   | Identified the +1 demon blade "Loliesal" {flame, +Fly Will+
                  | Dex+3} (Okawaru gifted it to you on level 3 of the Lair of
                  | Beasts)
 14364 | Lair:4   | Found a staircase to the Swamp.
 14476 | Lair:4   | Reached skill level 10 in Shields
 14579 | Lair:4   | Learned a level 7 spell: Orb of Destruction
 14587 | Lair:4   | Learned a level 7 spell: Spellforged Servitor
 15767 | Lair:5   | Found a staircase to the Slime Pits.
 15904 | Lair:5   | Reached skill level 1 in Conjurations
 16090 | Lair:5   | Reached skill level 1 in Summonings
 16275 | Lair:6   | Entered Level 6 of the Lair of Beasts
 16314 | Lair:6   | Received a gift from Okawaru
 16320 | Lair:6   | Got a ruby-encrusted ring mail {god gift}
 16331 | Lair:6   | Identified the +5 ring mail "Ryijyh Kiat" {*Drain rF++ rN+}
                  | (Okawaru gifted it to you on level 6 of the Lair of Beasts)
 16420 | Lair:6   | Reached skill level 11 in Shields
 16824 | Lair:6   | Noticed Sonja
 16873 | Lair:6   | Cast into level 2 of the Abyss (Sonja)
 16873 | Abyss:2  | Found a corrupted altar of Lugonu.
 16928 | Abyss:2  | Noticed a bone dragon
 16997 | Abyss:2  | HP: 2/73 [something (17)]
 17210 | Abyss:2  | Noticed a starcursed mass
 17224 | Abyss:2  | Noticed a bone dragon
 17228 | Lair:6   | Escaped the Abyss
 17237 | Lair:6   | Killed Sonja
 17429 | Lair:5   | Reached XP level 15. HP: 36/77 MP: 31/31
 17724 | Lair:6   | Reached skill level 12 in Shields
 18654 | D:13     | Received a gift from Okawaru
 18700 | D:13     | Found a gate to the Vaults.
 19618 | D:14     | Received a gift from Okawaru
 19670 | D:14     | Found a blossoming altar of Fedhas.
 19735 | D:14     | Reached skill level 13 in Shields
 20268 | D:15     | Entered Level 15 of the Dungeon
 20323 | D:15     | Found a staircase to the Depths.
 20616 | D:15     | Received a gift from Okawaru
 20617 | D:15     | Reached XP level 16. HP: 73/82 MP: 32/32
 20776 | D:15     | Found Suttuul's Antique Weapon Emporium.
 20824 | D:15     | Bought the +2 Maxwell's thermic engine {flame, freeze} for
                  | 1452 gold pieces
 20824 | D:15     | Found the +2 Maxwell's thermic engine {flame, freeze}
 20864 | D:15     | Noticed Rupert
 20877 | D:15     | Killed Rupert
 21677 | Orc:1    | Entered Level 1 of the Orcish Mines
 21970 | Orc:2    | Entered Level 2 of the Orcish Mines
 22111 | Orc:2    | Found Raojeor's Weapon Shop.
 22115 | Orc:2    | Found a staircase to the Elven Halls.
 22288 | Orc:2    | Reached skill level 5 in Summonings
 22312 | Orc:2    | Found a roughly hewn altar of Beogh.
 22371 | Orc:2    | Found Wystrif's Assorted Antiques.
 22396 | Orc:2    | Found Cecut's Magic Scroll Boutique.
 22717 | Orc:2    | Found Uvviesilu's Gadget Boutique.
 22717 | Orc:2    | Found Janil's Armour Emporium.
 23220 | Swamp:1  | Entered Level 1 of the Swamp
 23851 | Swamp:2  | Noticed a fenstrider witch
 23853 | Swamp:2  | Paralysed by a fenstrider witch for 3 turns
 23877 | Swamp:2  | Received a gift from Okawaru
 23893 | Swamp:2  | Identified the +2 pair of boots "Cenaq" {Stlth+} (Okawaru
                  | gifted it to you on level 2 of the Swamp)
 23955 | Swamp:2  | Killed a fenstrider witch
 23989 | Swamp:2  | Reached skill level 5 in Conjurations
 24081 | Swamp:2  | Acquired 1240 gold pieces
 24561 | Swamp:2  | Mangled by a spriggan rider

Illustrated notes

Levels and vault maps discovered:
D:1:      roderic_crop_circles_arrival_small, layout_loops_cross
D:2:      minmay_general_purpose_star, layout_basic
D:3:      layout_loops_ring, overflow_temple_1_default, serial_co_window_serial,
          co_window_paths_a, co_window_paths_a, co_window_of_opportunity_a,
          co_window_paths_a, co_window_of_opportunity_a, co_window_corner_b,
          co_window_corner_b, co_window_of_opportunity_c, co_window_corner_b,
          co_window_corner_ca, glass_columns_a, glass_columns_c, glass_columns_b
D:4:      layout_cave_pools, ashenzari_conservatory_becter,
          minmay_ogre_servants, uniq_pikel, uniq_edmund
D:5:      layout_loops_ring, grunt_dithmenos_smoke
D:6:      layout_loops_ring, grunt_temple_overflow_champion_of_chaos,
          kennysheep_mini_moat, serial_shops, nicolae_shop_crystal,
          chequers_serial_rivers_room_a, lightli_church_of_beogh
D:7:      layout_cave_pools, marbit_many_paths, minmay_temple_entry_junction_2,
          nicolae_ossuary_entry_catacombs, nicolae_ru_great_annihilating_truth
D:8:      layout_gridville, serial_rivers, chequers_serial_rivers_micro_c,
          chequers_serial_rivers_micro_b, chequers_serial_rivers_large_a,
          chequers_serial_rivers_small_a, chequers_serial_rivers_micro_a,
          chequers_serial_rivers_small_a
D:9:      layout_roguey, lemuel_round_altar, uniq_maggie
D:10:     layout_cave_pods, due_lair_maze_entry_diamond, uniq_joseph
D:11:     layout_roguey, uniq_erica
D:12:     layout_layer_cave, david_orc_1_choice
D:13:     layout_basic, erik_vaults_2
D:14:     layout_basic, fedhas_altar_3, minmay_librarian
D:15:     hangedman_depths_entry_civil_slaughter, layout_basic,
          minmay_misc_feat_ornament, serial_corexii_hall,
          corexii_hall_statues_l, corexii_hall_statues_t, serial_shops,
          shop_fountains, roderic_st_hans_cross, uniq_rupert
Temple:   eino_temple_lava
Lair:1:   beast_lair_carwin_large_2, layout_regular_city
Lair:2:   layout_long_grid, gammafunk_ghost_hive, serial_bayou_shore_b,
          minmay_lair_oklob_chamber
Lair:3:   layout_roguey, spider_nest_entry_rubble, special_room
          [special_room_bee], grunt_forest_small_clearings,
          kennysheep_basilisk_garden
Lair:4:   layout_layer_cave, swamp_mist_pool
Lair:5:   layout_misc_corridors, slime_dummy, grunt_forest_large_clearings
Lair:6:   minmay_lair_end_enchanted_forest, layout_regular_city, st_stairs_12,
          chequers_serial_rivers_small_b, grunt_megastairs_3,
          serial_bayou_shore_b, uniq_sonja
Swamp:1:  layout_basic_swamp, evilmike_swamp_ruin_house_6, swamp_pool4
Swamp:2:  layout_falls_marsh, evilmike_swamp_ruin_rubble_2
Swamp:3:  layout_basic_swamp, gammafunk_ghost_cemetery,
          evilmike_swamp_ruin_house_3
Orc:1:    layout_caves
Orc:2:    st_orc_town, layout_caves, serial_shops, shop_statue

Skill      XL: |  1  2  3  4  5  6  7  8  9 10 11 12 13 14 15 16 |
---------------+-------------------------------------------------+-----
Fighting       | 3 4 5 6 7 8 9 |  9.1
Shields        | 3 4 5 6 9 11 13 | 13.8
Long Blades    | 2 3 5 6 7 9 |  9.4
Spellcasting   | 1 3 4 5 6 7 10 11 12 | 12.2
Dodging        | 1 2 3 4 5 6 7 8 |  8.6
Necromancy     | 2 3 4 5 6 7 8 |  8.9
Short Blades   | 1 2 3 5 6 |  6.8
Armour         | 3 4 5 |  5.8
Stealth        | 1 2 3 4 |  4.7
Invocations    | 1 3 4 5 6 7 8 |  8.3
Conjurations   | 2 4 5 |  5.1
Summonings     | 2 4 5 |  5.6
Evocations     | |  0.6

Action                   |  1- 3 |  4- 6 |  7- 9 | 10-12 | 13-15 | 16-18 || total
-------------------------+-------+-------+-------+-------+-------+-------++-------
Melee: Long sword        |    91 |    47 |    77 |   111 |     1 |       ||   327
       Bite              |    23 |    34 |   156 |   391 |   679 |   158 ||  1441
       Dagger            |       |    87 |   346 |   893 |  1532 |       ||  2858
       Demon blade       |       |       |       |       |    79 |    54 ||   133
       Double sword      |       |       |       |       |       |   415 ||   415
Throw: Dart              |       |       |       |       |       |     1 ||     1
 Cast: Vampiric Draining |       |       |       |    22 |    20 |     8 ||    50
Invok: Heroism           |       |       |     1 |     3 |     3 |     5 ||    12
       Finesse           |       |       |       |       |     1 |     2 ||     3
Evoke: Wand              |       |       |       |     1 |     5 |     3 ||     9
       Condenser vane    |       |       |       |       |     1 |     1 ||     2
  Use: Scroll            |       |     1 |    11 |    23 |     8 |    15 ||    58
       Potion            |       |       |     1 |       |     2 |       ||     3
 Stab: Paralysed         |       |       |       |     1 |     1 |       ||     2
       Sleeping          |       |       |       |    13 |    14 |     6 ||    33
       Distracted        |       |       |       |       |     1 |       ||     1
Armor: Scale mail        |    31 |    46 |   129 |   108 |       |       ||   314
       Swamp dragon scal |       |       |       |    26 |       |    59 ||    85
       Chain mail        |       |       |       |     8 |       |       ||     8
       Troll leather arm |       |       |       |   172 |   360 |    46 ||   578
Dodge: Dodged            |    19 |    34 |   105 |   432 |   673 |   148 ||  1411
Block: Kite shield       |    49 |    86 |   142 |   492 |   647 |       ||  1416
       Tower shield      |       |       |       |       |   339 |   432 ||   771
       Rpst.: Long sword |     5 |     8 |     7 |    13 |       |       ||    33
       Demon blade       |       |       |       |       |    11 |     1 ||    12
       Double sword      |       |       |       |       |       |    31 ||    31

Table legend: (Time is in decaauts)
 A = Elapsed time spent in this place.
 B = Non-inter-level travel time spent in this place.
 C = Inter-level travel time spent in this place.
 D = Time resting spent in this place.
 E = Time spent auto-exploring this place.
 F = Levels seen in this place.
 G = Mean time per level.
                   A        B        C        D        E       F      G
               +--------+--------+--------+--------+--------+-----+--------+
         Total |  23952 |  22630 |   1322 |    577 |  15538 |  29 |  825.9 |
       Dungeon |  13988 |  13251 |    737 |    321 |   9263 |  15 |  932.5 |
        Temple |     33 |     33 |      0 |      0 |      0 |   1 |   33.0 |
          Lair |   6683 |   6193 |    490 |    159 |   4326 |   6 | 1113.8 |
         Swamp |   1431 |   1394 |     37 |     72 |    987 |   3 |  477.0 |
  Orcish Mines |   1197 |   1141 |     56 |     25 |    787 |   2 |  598.5 |
         Abyss |    317 |    317 |      0 |      0 |     34 |   1 |  317.0 |
       Ossuary |    299 |    299 |      0 |      0 |    140 |   1 |  299.0 |
               +--------+--------+--------+--------+--------+-----+--------+

Top non-repeatable levels by time:
    D:12: 1672 daAuts
  Lair:6: 1574 daAuts
    D:15: 1304 daAuts
  Lair:4: 1262 daAuts
     D:6: 1184 daAuts
  Lair:1: 1133 daAuts
  Lair:3: 1010 daAuts
     D:2: 966 daAuts
     D:3: 934 daAuts
     D:7: 913 daAuts
    D:10: 912 daAuts
   Orc:2: 899 daAuts
  Lair:5: 865 daAuts
  Lair:2: 836 daAuts
     D:1: 835 daAuts
